AoeStats
← TioMg100

Arena

509490405Analyzed
2v2 RM · 7d ago on Sep 27, 2026· 66m 12s· 4 players
Game mode
Random Map
Map size
Medium (4 player)
Population
200
Speed
Normal
Resources
Standard
Victory
Conquest
Starting age
Dark Age
Ending age
Imperial Age
RankedLock teamsTeams togetherTeam positionsShared explorationLock speedFull tech treeHidden civsTurbo modeCheats
Victory
Defeat
🇧🇷 Burgundians · Brazil
1117
+16
🇧🇷 Vietnamese · Brazil
1051
+18
🇨🇴 Ethiopians · Colombia
1106
-17
🇨🇴 Franks · Colombia
1105
-17
TioMg100
8:52 Double-Bit Axe
9:22 Horse Collar
11:31 Feudal Age
17:12 Castle Age
15:27 Bow Saw
16:40 Heavy Plow
16:32 Gold Mining
17:21 Forging
17:35 Cavalier
20:16 Scale Barding Armor
22:38 Husbandry
26:38 Fervor
32:06 Chain Barding Armor
35:27 Squires
35:13 Arson
36:43 Iron Casting
36:08 Scale Mail Armor
38:27 Two-Man Saw
36:56 Pikeman
38:50 Chain Mail Armor
41:09 Imperial Age
39:16 Wheelbarrow
38:27 Town Watch
38:28 Loom
39:57 Town Patrol
41:47 Crop Rotation
41:39 Burgundian Vineyards
42:14 Conscription
42:22 Hand Cart
41:48 Paladin
41:54 Halberdier
44:22 Plate Mail Armor
44:53 Blast Furnace
44:28 Plate Barding Armor
47:32 Gold Shaft Mining
47:48 Man-at-Arms
48:29 Long Swordsman
49:31 Two-Handed Swordsman
50:55 Champion
51:02 Light Cavalry
55:37 Caravan
58:40 Fletching
duduh69
10:35 Feudal Age
11:39 Loom
15:00 Castle Age
13:01 Double-Bit Axe
14:09 Horse Collar
16:09 Bow Saw
17:30 Gold Mining
17:49 Stone Mining
27:40 Fletching
28:41 Bodkin Arrow
29:50 Elite Skirmisher
34:41 Imperial Age
38:50 Wheelbarrow
38:21 Scale Mail Armor
39:48 Two-Man Saw
40:49 Padded Archer Armor
41:39 Chain Mail Armor
42:38 Heavy Plow
43:12 Forging
44:54 Ballistics
46:50 Chemistry
45:52 Bracer
46:45 Squires
47:22 Iron Casting
52:28 Imperial Skirmisher
53:24 Leather Archer Armor
54:05 Pikeman
55:17 Plate Mail Armor
57:55 Ring Archer Armor
60:11 Halberdier
61:59 Stone Shaft Mining
62:06 Caravan
63:29 Town Watch
65:30 Coinage
SG7
3:38 Loom
4:09 Loom
10:36 Feudal Age
9:25 Loom
12:16 Loom
14:56 Castle Age
22:48 Scale Mail Armor
24:47 Fletching
25:20 Chain Mail Armor
25:16 Forging
31:30 Iron Casting
33:42 Double-Bit Axe
33:44 Horse Collar
33:57 Gold Mining
36:22 Wheelbarrow
37:18 Bodkin Arrow
37:51 Hand Cart
38:35 Gold Shaft Mining
38:19 Bow Saw
41:22 Heavy Plow
44:21 Imperial Age
42:04 Light Cavalry
44:30 Scale Barding Armor
44:43 Elite Shotel Warrior
47:17 Two-Man Saw
46:21 Husbandry
47:29 Blast Furnace
47:00 Plate Mail Armor
48:33 Royal Heirs
48:54 Conscription
49:13 Town Watch
49:54 Chain Barding Armor
49:35 Bracer
60:38 Crossbowman
61:16 Arbalester
62:08 Hussar
62:56 Padded Archer Armor
63:59 Leather Archer Armor
63:54 Thumb Ring
TEFI*
10:32 Feudal Age
18:51 Castle Age
18:07 Forging
17:59 Scale Mail Armor
17:46 Double-Bit Axe
18:21 Stone Mining
19:29 Pikeman
20:43 Loom
21:51 Squires
21:37 Arson
25:35 Chain Mail Armor
26:35 Gold Mining
29:55 Wheelbarrow
36:20 Imperial Age
34:56 Scale Barding Armor
35:26 Husbandry
36:35 Ballistics
37:47 Iron Casting
38:24 Chain Barding Armor
37:37 Cavalier
39:31 Plate Mail Armor
40:18 Chemistry
41:29 Hand Cart
40:40 Halberdier
43:11 Plate Barding Armor
42:38 Padded Archer Armor
52:10 Paladin
55:50 Light Cavalry
60:41 Blast Furnace
59:32 Fletching
59:57 Leather Archer Armor
Connection lost

Rejoining the realm…

Still unreachable

The connection could not be restored.

Session expired

The server has moved on; the page needs a fresh start.